Unix xNetHack Version 7.1.0 - last build Jul 19 2022 14:02:28 (a8c4666137c2c631a57c77f6261166d76d9e3895). Game began 2022-07-29 17:50:49, ended 2022-07-29 17:52:53. nmlkj, chaotic male human Wizard - .| ----- -------- ...------- ...................- |....@....G......GG......................- |..|.--- -- ----- --- - -- ---|.| |.| ----- |.| - --...--|.|.| |.....--...| --.....<...| ---.------- --- Nmlkj the Evoker St:10 Dx:11 Co:15 In:18 Wi:10 Ch:11 Chaotic S:179 Dlvl:3 $:3 HP:0(12) Pw:4(10) AC:9 Xp:1/19 T:171 Latest messages: You hear crashing rock. You miss the gnome. You bash the gnome. Are you waiting to get hit? Use 'm' prefix to force a no-op (to rest). Are you waiting to get hit? Use 'm' prefix to force a no-op (to rest). You kill the gnome! You swap places with your kitten. There are several objects here. You swap places with your kitten. There are several objects here. The kitten bites the gnome. The gnome punches the kitten. The kitten bites the gnome. The gnome is killed! The dwarf throws a dagger! The dagger misses the kitten. You are hit by a dagger. You hear crashing rock. There are several objects here. There is a gnome corpse here; eat it? [ynq] (n) y This gnome corpse tastes okay. You stop eating the gnome corpse. The dwarf punches you! You hear some noises in the distance. The dwarf picks up a crossbow. The dwarf picks up a milky potion. In what direction? u The spell hits the dwarf! The dwarf resists! You kill the dwarf! A milky potion shatters! You smell a peculiar odor... Something seems to be holding you. You can move again. There are several objects here. The gnome shoots 2 crossbow bolts! You are hit by the 1st crossbow bolt. The 2nd crossbow bolt misses you. You don't have enough energy to cast that spell. There is a dwarf corpse here; eat it? [ynq] (n) y This dwarf corpse tastes okay. The gnome shoots 2 crossbow bolts! You are hit by the 1st crossbow bolt. You stop eating the dwarf corpse. You are hit by the 2nd crossbow bolt. You die... Do you want your possessions identified? [ynq] (y) y Do you want to see your attributes? [ynq] (y) y Do you want an account of creatures vanquished? [ynaq] (y) y Do you want to see your conduct and achievements? [ynq] (y) q Major events: Turn 1: nmlkj the chaotic male human Wizard entered the dungeon 127: entered the Gnomish Mines 171: killed by a crossbow bolt Inventory: Inventory: 251/675 weight (9/52 slots) Coins $ - 3 gold pieces {1} Weapons a - a blessed +1 quarterstaff (weapon in hands) {40} Armor b - an uncursed +0 cloak of magic resistance (being worn) {8} Comestibles g - 2 uncursed food rations {40} Scrolls h - an uncursed scroll of enchant weapon {5} Spellbooks f - an uncursed spellbook of cure sickness {45} c - a blessed spellbook of force bolt {35} e - an uncursed spellbook of healing {35} d - a blessed spellbook of magic missile {40} Tools i - an uncursed pea whistle {3} Nmlkj the Wizard's attributes: Background: You were an Evoker, a level 1 male human Wizard. You were chaotic, on a mission for Anhur who was opposed by Ptah (lawful) and Thoth (neutral). You were heterosexual. You were in the Gnomish Mines, on level 3. You entered the dungeon 171 turns ago. There was a new moon in effect when your adventure ended. You had 19 experience points, 1 more was needed to attain level 2. Your score was 179 before end-of-game adjustments. Basics: You had 0 out of 12 hit points. You had 4 out of 10 energy points (spell power). Your armor class was 9. Your wallet contained 3 zorkmids. Autopickup was off. Final Characteristics: Your strength was 10 (limit:18/100). Your dexterity was 11 (limit:18). Your constitution was 15 (limit:18). Your intelligence was 18 (limit:18). Your wisdom was 10 (limit:18). Your charisma was 11 (limit:18). Final Status: You were not hungry. You were unencumbered. You were wielding a quarterstaff. You had basic skill with quarterstaff. Final Attributes: You were fervently aligned. You were magic-protected. You were warded. You are dead. Miscellaneous: You never encountered a bones level. Total elapsed playing time was 2 minutes and 3 seconds. Vanquished creatures: a dwarf 3 gnomes 2 foxes 2 grid bugs 2 newts 10 creatures vanquished. No species were genocided or became extinct. Voluntary challenges: You were an atheist. You were illiterate. You never genocided any monsters. You never polymorphed an object. You never changed form. You never touched an artifact. You used no wishes. You never scared an enemy with impunity. You were celibate. You never generated conflict. Achievement: You entered the Gnomish Mines. The Dungeons of Doom: levels 1 to 2 Level 1: Level 2: Stairs down to The Gnomish Mines. The Gnomish Mines: Level 3: <- You were here. Final resting place for you, killed by a crossbow bolt. Game over: __________ / \ / REST \ / IN \ / PEACE \ / \ | nmlkj | | 3 Au | | killed by a | | crossbow bolt | | | | | | 2022 | *| * * * | * _________)/\\_//(\/(/\)/\//\/|_)_______ Goodbye nmlkj the Wizard... You died in The Gnomish Mines on dungeon level 3 with 179 points, and 3 pieces of gold, after 171 moves. You were level 1 with a maximum of 12 hit points when you died.